 Dungeon Crawl Stone Soup version 0.25-a0-707-g603da076d2 (webtiles) character file.

Game seed: 947688622610326932, levelgen mode: classic

71889 EnegeticOcto the Severer (level 14, -22/141 HPs)
             Began as a Deep Dwarf Fighter on Apr 4, 2020.
             Was a High Priest of Makhleb.
             Killed from afar by a jumping spider (38 damage)
             ... with an exploding inner flame
             ... hexed by the player character
             ... on level 3 of the Spider Nest.
             The game lasted 00:15:09 (14025 turns).

EnegeticOcto the Severer (Deep Dwarf Fighter)      Turns: 14025, Time: 00:15:09

Health: -22/141    AC: 41    Str: 24    XL:     14   Next: 99%
Magic:  5/5        EV: 14    Int: 10    God:    Makhleb [*****.]
Gold:   633        SH: 13    Dex: 12    Spells: 13/13 levels left

rFire    . . .     SeeInvis +   a - +2 broad axe (vorpal)
rCold    . . .     Gourm    .   c - +0 kite shield
rNeg     + + .     Faith    .   I - +15 Maxwell's patent armour {-Cast -Tele rElec MR+ rCorr}
rPois    +         Spirit   .   D - +1 helmet {SInv}
rElec    +         Reflect  .   P - +2 cloak
rCorr    +         Harm     +   A - +2 pair of gloves
MR       ++++.     NoTele   +   v - +0 pair of boots "Cobb" {+Blink rN+} Stlth ..........NoCast +
                                K - amulet of harm
HPRegen  0.00/turn              O - ring "Pyahec" {rPois MR+}
MPRegen  0.09/turn              G - +5 ring of evasion

@: non-regenerating
A: damage resistance, heal wounds, negative energy resistance 1, sense
surroundings 2, no regeneration
a: Heal Wounds, Minor Destruction, Lesser Servant of Makhleb, Major Destruction,
Greater Servant of Makhleb, Renounce Religion, Evoke Blink


You were on level 3 of the Spider Nest.
You worshipped Makhleb.
Makhleb was extremely pleased with you.
You were not hungry.

You visited 5 branches of the dungeon, and saw 24 of its levels.
You also visited: Gauntlet.

You collected 2125 gold pieces.
You spent 1492 gold pieces at shops.

Inventory:

Hand Weapons
 a - a +2 vorpal broad axe (weapon)
 b - a +1 scimitar of flaming
Missiles
 r - 13 curare-tipped darts (quivered)
Armour
 c - a +0 kite shield (worn)
 v - the +0 pair of boots "Cobb" (worn) {+Blink rN+}
   (You found it in a Gauntlet)

   It protects you from negative energy.
   It lets you blink.
 A - a +2 pair of gloves (worn)
 D - a +1 helmet of see invisible (worn)
 I - the +15 Maxwell's patent armour (worn) {-Cast -Tele rElec MR+ rCorr}
   (You bought it in a shop on level 5 of the Dungeon)

   It insulates you from electricity.
   It affects your resistance to hostile enchantments.
   It prevents spellcasting.
   It prevents most forms of teleportation.
   It provides partial protection from all sources of acid and corrosion.
 P - a +2 cloak (worn)
Jewellery
 y - the ring "Xawuclur" {Fire rElec rN++ Dex+2 Stlth-}
   (You found it on level 11 of the Dungeon)

   [ring of fire]

   It enhances your fire magic.
   It affects your dexterity (+2).
   It protects you from fire.
   It makes you vulnerable to cold.
   It insulates you from electricity.
   It greatly protects you from negative energy.
   It makes you less stealthy.
 G - a +5 ring of evasion (right hand)
 K - an amulet of harm (around neck)
 O - the ring "Pyahec" (left hand) {rPois MR+}
   (You acquired it on level 2 of the Lair of Beasts)

   [ring of protection from magic]

   It protects you from poison.
   It affects your resistance to hostile enchantments.
Wands
 g - a wand of acid (31) {@v1}
 q - a wand of polymorph (12)
 s - a wand of flame (16) {@v3}
 x - a wand of iceblast (14)
 Q - a wand of paralysis (11)
 S - a wand of digging (5) {@v2}
Scrolls
 d - 8 scrolls of teleportation {@r2}
 f - 10 scrolls of remove curse {@r6}
 l - 2 scrolls of magic mapping {@r5}
 p - 2 scrolls of immolation {@r4}
 u - a scroll of enchant weapon
 w - 2 scrolls of identify {@r1}
 H - a scroll of blinking {@r3}
 R - a scroll of fog
Potions
 h - 4 potions of berserk rage
 i - 7 potions of heal wounds {@q2}
 j - 4 potions of stabbing {@q5}
 k - 2 potions of might {@q3}
 m - 2 potions of resistance {@q6}
 n - 4 potions of haste {@q4}
 o - 2 potions of invisibility
 z - 2 potions of lignification {@q7}
 B - 3 potions of flight
 C - 3 potions of cancellation
 E - a potion of magic {unknown}
 L - a potion of mutation
 M - a potion of curing {@q1}
Miscellaneous
 F - 2 phantom mirrors
Comestibles
 e - 27 rations
 t - 3 chunks of flesh


   Skills:
 * Level 13.0 Fighting
 * Level 15.0 Axes
 + Level 11.5 Armour
 + Level 4.9 Dodging
 + Level 11.4 Shields
 * Level 13.3 Invocations


You had 13 spell levels left.
You didn't know any spells.
Your spell library was empty.

Dungeon Overview and Level Annotations

Branches:
Dungeon (12/15)            Temple (1/1) D:4            Lair (6/6) D:9
 Spider (3/4) Lair:2        Slime (0/5) Lair:5          Orc (2/2) D:11
    Elf (0/3) Orc:2       Gauntlet (visited)
  Swamp: Lair:2-4    Shoals: Lair:2-4

Altars:
Ashenzari
Cheibriados
Dithmenos
Elyvilon
Fedhas
Gozag
Hepliaklqana
Kikubaaqudgha
Makhleb
Nemelex Xobeh
Okawaru
Qazlal
Ru
Sif Muna
Trog
Uskayaw
Vehumet
Wu Jian
Xom
Yredelemnul
Zin
The Shining One
Jiyva

Shops:
D:5 [   D:6 (   D:8 :(

Annotations:
Lair:6 1 runed translucent door
Orc:1 2 transporters, Maut's ghost, journeyman MiBe


Innate Abilities, Weirdness & Mutations

You are resistant to damage.
You can heal yourself by infusing magical energy.
You resist negative energy. (rN+)
You passively map the area around you.
You do not regenerate.


Message History

The wolf spider hits you but does no damage.
You block the wolf spider's attack. The jumping spider pounces on you.
You are caught in a web!
The jumping spider bites you but does no damage.
The jumping spider pounces on you.
You are even more entangled.
The jumping spider bites you but does no damage.
The jumping spider pounces on you.
The jumping spider completely misses you.
The wolf spider barely misses you. The wolf spider closely misses you.
Your hellwing hits the orb spider!
The orb spider dies!
Makhleb accepts your kill.
The jumping spider pounces on you but does no damage.
The jumping spider barely misses you. The jumping spider pounces on you!
The jumping spider bites you but does no damage.
The jumping spider barely misses you. x2
The web tears apart.
The wolf spider hits you but does no damage.
The wolf spider bites you but does no damage.
The jumping spider closely misses you. The jumping spider misses you.
The jumping spider leaps!
You block the wolf spider's attack. The wolf spider barely misses you.
A tarantella comes into view.
The jumping spider pounces on you!
You are caught in a web!
The jumping spider closely misses you.
The jumping spider pounces on you but does no damage.
The jumping spider bites you but does no damage.
The jumping spider barely misses you.
The jumping spider bites you but does no damage.
A wolf spider comes into view.
The wolf spider hits you!! The wolf spider bites you!
* * * LOW HITPOINT WARNING * * *
You are too injured to fight recklessly!
You are too injured to fight recklessly!
You are too injured to fight recklessly!
You are too injured to fight recklessly!
You are too injured to fight recklessly!
You are too injured to fight recklessly!
You are too injured to fight recklessly!
You are too injured to fight recklessly!
You are too injured to fight recklessly!
You are too injured to fight recklessly!
You are too injured to fight recklessly!
You are too injured to fight recklessly!
You are too injured to fight recklessly!
Okay, then.
Okay, then.
The web tears apart.
You block the jumping spider's attack. x2
The wolf spider barely misses you. You block the wolf spider's attack.
You block the jumping spider's attack.
The jumping spider completely misses you.
The jumping spider leaps!
The jumping spider barely misses you.
The jumping spider bites you but does no damage.
The jumping spider closely misses you. x2
The wolf spider completely misses you.
The wolf spider bites you but does no damage.
The jumping spider pounces on you but does no damage.
The jumping spider misses you.
A tarantella comes into view.
The jumping spider misses you.
The jumping spider bites you but does no damage.
Really read the scroll of immolation?
As you read the scroll of immolation {@r4}, it crumbles to dust.
The creatures around you are filled with an inner flame!
You block the wolf spider's attack. The wolf spider closely misses you.
The jumping spider barely misses you. x2; The jumping spider leaps!
The orb spider weaves a glowing orb of energy.
The jumping spider misses you. x2; The jumping spider leaps!
The wolf spider misses you. You block the wolf spider's attack.
The jumping spider closely misses you. x2; The jumping spider leaps!
The jumping spider barely misses you. The jumping spider closely misses you.
An orb of destruction comes into view.
You slice the wolf spider!!
Flame seeps out of the wolf spider. x2
The wolf spider is heavily wounded.
You hit the jumping spider but do no damage.
You barely miss the jumping spider.
The wolf spider is engulfed in blazing flames.
Flame seeps out of the wolf spider.
The wolf spider hits you but does no damage.
The wolf spider bites you but does no damage.
You block the jumping spider's attack. The jumping spider closely misses you.
The wolf spider is engulfed in blazing flames.
Flame seeps out of the wolf spider.
You block the wolf spider's attack.
The wolf spider bites you but does no damage.
Your hellwing hits the wolf spider!
Flame seeps out of the wolf spider.
Your hellwing hits the wolf spider!
Flame seeps out of the wolf spider.
The jumping spider pounces on you. You block the jumping spider's attack.
The tarantella bites your hellwing but does no damage.
The orb spider begins to weave its threads into a brightly glowing ball.
The jumping spider closely misses you. x2; The jumping spider leaps!
You hit the wolf spider.
Flame seeps out of the wolf spider.
The wolf spider explodes!
The fiery explosion engulfs your hellwing!
Your hellwing is almost dead.
The fiery explosion engulfs you!!
* * * LOW HITPOINT WARNING * * *
The fiery explosion engulfs the jumping spider!!
The jumping spider explodes!
The fiery explosion engulfs you!!!
You die...

...... ........^ ,
,
,........#.........
....?†............
, ,, ,
....#..s.#.$......
^ , ,, ,,
,#..........#.....,
, , ,
*##...ss..s.......
,,
#..s.§4§††......° ,
, #....§○§§<†.^..(^
, , ,
#....†@§°#......#,
, ,,,
*#...#s§°.s.......,
,,, , , #.s
#...*........, , ..
#....s....... ,, *
,, , *
....#........., , ,
, ,,
*.....○.......##, ,
* ,......s.......
.^........#. ** ,,,
, , ,, *


You could see a wolf spider (inner flame), 3 orb spiders, 3 jumping spiders, 2
tarantellas and a friendly hellwing.

Vanquished Creatures
  Rupert (Lair:5)
  An entropy weaver (Spider:1)
  A minotaur (Gauntlet)
  Snorg (D:11)
  Josephine (D:12)
  Fannar (D:10)
  3 hydras
  Erica (D:11)
  A two-headed ogre (D:12)
  A catoblepas (Lair:6)
  8 death yaks
  The ghost of kae the Grappler, a novice DrTm of Uskayaw (D:11)
  An orc high priest (Orc:1)
  An unseen horror (D:12)
  Pikel (D:8)
  2 lindwurms (Lair:6)
  A deep elf mage (D:11)
  5 orb spiders
  2 orc sorcerers (Orc:2)
  2 cyclopes
  An ugly thing (D:12)
  9 wolf spiders
  A moth of wrath (Spider:3)
  A manticore (D:11)
  A guardian serpent (Lair:6)
  12 elephants
  7 black mambas
  5 torpor snails (Lair:6)
  A gargoyle (D:12)
  14 spiny frogs
  12 komodo dragons
  A kobold demonologist (D:11)
  A rime drake (D:11)
  2 tengu conjurers (D:11)
  A demonic crawler (Spider:2)
  8 trolls
  6 jumping spiders
  3 tyrant leeches (Lair:6)
  12 hornets
  8 hippogriffs
  14 redbacks
  6 tarantellas
  4 wyverns (Lair:6)
  A small abomination (Gauntlet)
  4 wraiths (D:12)
  20 yaks
  4 basilisks
  4 hungry ghosts (D:11)
  2 hogs (D:12)
  2 steam dragons
  A warg (Orc:2)
  2 soldier ants (D:10)
  Duvessa (D:6)
  22 water moccasins
  5 porcupines
  A hornet zombie (D:9)
  4 orc warriors
  3 sky beasts
  9 ice beasts
  A phantom (D:9)
  2 necrophages (D:9)
  6 ogres
  2 black bears
  4 centaurs
  6 wolves (Lair:5)
  8 crocodiles
  A big kobold (D:11)
  5 bullfrogs
  2 wyvern zombies (D:11)
  Dowan (D:6)
  4 scorpions
  2 wyvern skeletons (D:11)
  6 killer bees (D:10)
  3 troll zombies (D:11)
  11 wights
  A vampire bat (D:4)
  6 howler monkeys
  6 crimson imps
  2 bullfrog zombies
  3 centaur zombies
  2 jellies
  A quasit (D:11)
  5 hounds
  Crazy Yiuf (D:4)
  6 orc priests
  2 centaur skeletons
  2 bullfrog skeletons
  Ijyb (D:3)
  3 iguanas
  18 orc wizards
  7 worker ants
  5 ogre zombies (D:11)
  4 centaur simulacra (D:11)
  A hound zombie (D:9)
  8 gnolls
  26 adders
  A shadow imp (D:5)
  2 oozes
  An adder skeleton (D:5)
  2 dart slugs
  3 fire bats (D:4)
  6 leopard geckos
  38 orcs
  2 spectral bats (D:4)
  2 ball pythons
  3 bat skeletons (D:4)
  A bat zombie (D:4)
  2 giant cockroaches (D:3)
  3 goblins
  3 hobgoblins
  5 jackals (D:6)
  5 quokkas
  14 bats
  A bat simulacrum (D:4)
  7 frilled lizards
  2 goblin skeletons (D:11)
  A goblin zombie (D:11)
  A hobgoblin skeleton (D:11)
  4 hobgoblin zombies (D:11)
  12 kobolds
  A leopard gecko zombie (D:6)
  3 orc skeletons (D:11)
  14 orc zombies (D:11)
  A quokka zombie (D:5)
  5 rats
  5 fungi
  9 plants
584 creatures vanquished.

Vanquished Creatures (collateral kills)
  Kirke (D:12)
  An orb spider (Spider:3)
  An orc sorcerer (Orc:1)
  A troll (Orc:1)
  A centaur simulacrum (D:11)
  A wyvern (Lair:5)
  A warg (Orc:1)
  A white imp (D:11)
  2 orcs (Orc:1)
10 creatures vanquished.

Vanquished Creatures (others)
  An orb spider (Spider:2)
  A jumping spider (Spider:3)
  A bush (Lair:5)
  5 fungi
  8 plants
16 creatures vanquished.

Grand Total: 610 creatures vanquished

Notes
Turn   | Place    | Note
-------+----------+-------------------------------------------
     0 | D:1      | EnegeticOcto the Deep Dwarf Fighter began the quest for the
                  | Orb.
     0 | D:1      | Reached XP level 1. HP: 20/20 MP: 1/1
   156 | D:1      | Reached XP level 2. HP: 16/27 MP: 2/2
   482 | D:2      | Reached XP level 3. HP: 23/34 MP: 3/3
   524 | D:3      | Reached skill level 3 in Axes
   693 | D:3      | Noticed a centaur
   708 | D:3      | Killed a centaur
   708 | D:3      | Reached XP level 4. HP: 35/44 MP: 4/4
   764 | D:3      | Reached XP level 5. HP: 34/50 MP: 5/5
   892 | D:3      | Noticed Ijyb
   910 | D:3      | Killed Ijyb
   910 | D:3      | Reached skill level 4 in Axes
   989 | D:4      | Found a shimmering altar of Xom.
   989 | D:4      | Noticed an angel
   990 | D:4      | Found a glowing silver altar of Zin.
   990 | D:4      | Noticed an ogre
  1003 | D:4      | Killed an ogre
  1003 | D:4      | Reached XP level 6. HP: 45/57 MP: 6/6
  1163 | D:4      | Noticed an ice beast
  1177 | D:4      | Killed an ice beast
  1362 | D:4      | Reached skill level 5 in Axes
  1452 | D:4      | Reached XP level 7. HP: 55/66 MP: 7/7
  1462 | D:4      | Found a runed translucent door.
  1463 | D:4      | Noticed Crazy Yiuf
  1546 | D:4      | Found a staircase to the Ecumenical Temple.
  1590 | Temple   | Entered the Ecumenical Temple
  1658 | D:4      | Found a bloodstained altar of Trog.
  1661 | D:4      | Found a stormy altar of Qazlal.
  1664 | D:4      | Found a shattered altar of Ashenzari.
  1678 | D:4      | Found a white marble altar of Elyvilon.
  2031 | D:4      | Killed Crazy Yiuf
  2062 | D:5      | Entered Level 5 of the Dungeon
  2085 | D:5      | Found an opulent altar of Gozag.
  2290 | D:5      | You fall into a shaft and drop 1 floor!
  2291 | D:6      | Found a shadowy altar of Dithmenos.
  2417 | D:5      | Reached skill level 5 in Fighting
  2417 | D:5      | Reached skill level 5 in Armour
  2679 | D:5      | Found Lebiv's Armour Shoppe.
  3172 | D:6      | Reached skill level 6 in Axes
  3172 | D:6      | Reached skill level 5 in Shields
  3233 | D:6      | Reached XP level 8. HP: 61/75 MP: 8/8
  3552 | D:6      | Found Echasa Mob's Weapon Emporium.
  3582 | D:6      | Bought a +0 vorpal broad axe for 96 gold pieces
  3647 | D:6      | Noticed Duvessa
  3657 | D:6      | Killed Duvessa
  3657 | D:6      | Noticed Dowan
  3678 | D:6      | Killed Dowan
  3678 | D:6      | Reached skill level 7 in Axes
  3686 | D:6      | Found a burning altar of Makhleb.
  3702 | D:6      | Became a worshipper of Makhleb the Destroyer
  3902 | D:7      | Reached skill level 1 in Invocations
  3916 | D:7      | Noticed a hippogriff
  3926 | D:7      | Killed a hippogriff
  4023 | D:7      | Gained mutation: You passively map the area around you.
                  | [Deep Dwarf growth]
  4023 | D:7      | Reached XP level 9. HP: 58/85 MP: 10/10
  4257 | D:7      | Found an ancient bone altar of Kikubaaqudgha.
  4322 | D:7      | Found a shimmering blue altar of Sif Muna.
  4339 | D:7      | Found an ancient bone altar of Kikubaaqudgha.
  4347 | D:7      | Found a radiant altar of Vehumet.
  4447 | D:8      | Found a glowing golden altar of the Shining One.
  4553 | D:8      | Reached * piety under Makhleb
  4558 | D:8      | Reached skill level 8 in Axes
  4672 | D:8      | Found Gimewog's Weapon Shoppe.
  4677 | D:8      | Noticed Pikel
  4688 | D:8      | Killed Pikel
  4753 | D:8      | Found Jytoilod's Book Shoppe.
  5038 | D:9      | Found a hide-covered altar of Uskayaw.
  5038 | D:9      | Noticed a +0 hand axe
  5038 | D:9      | Noticed a +0 hand axe
  5143 | D:9      | Reached skill level 9 in Axes
  5224 | D:9      | Reached XP level 10. HP: 67/96 MP: 11/11
  5407 | D:9      | Found a staircase to the Lair.
  5557 | D:10     | Entered Level 10 of the Dungeon
  5612 | D:10     | Reached skill level 5 in Invocations
  5618 | D:10     | Reached ** piety under Makhleb
  5856 | D:10     | Noticed Fannar
  5923 | D:10     | Killed Fannar
  5923 | D:10     | Reached skill level 10 in Axes
  6261 | D:11     | Noticed Snorg
  6290 | D:11     | Killed Snorg
  6326 | D:11     | Noticed a wolf spider
  6343 | D:11     | Killed a wolf spider
  6343 | D:11     | Reached XP level 11. HP: 78/106 MP: 5/5
  6346 | D:11     | Found a shimmering altar of Xom.
  6379 | D:11     | Noticed Erica
  6411 | D:11     | Killed Erica
  6467 | D:11     | Found a staircase to the Orcish Mines.
  6539 | D:11     | Reached *** piety under Makhleb
  6627 | D:11     | Reached skill level 11 in Axes
  6659 | D:11     | Found a basalt altar of Yredelemnul.
  6717 | D:11     | Reached **** piety under Makhleb
  6770 | D:11     | Noticed kae's ghost (novice DrTm)
  6800 | D:11     | Noticed a deep elf mage
  6819 | D:11     | Killed a deep elf mage
  6890 | D:11     | Found a runed translucent gate.
  6891 | D:11     | Found a runed translucent gate.
  6893 | D:11     | Found a runed translucent gate.
  7206 | D:11     | Killed kae's ghost
  7206 | D:11     | Reached skill level 10 in Fighting
  7235 | D:11     | Got the ring "Xawuclur" {Fire}
  7239 | D:11     | Identified the ring "Xawuclur" {Fire rElec rN++ Dex+2
                  | Stlth-} (You found it on level 11 of the Dungeon)
  7281 | Orc:1    | Entered Level 1 of the Orcish Mines
  7281 | Orc:1    | Noticed an orc high priest
  7281 | Orc:1    | Noticed an orc sorcerer
  7288 | Orc:1    | Killed an orc sorcerer
  7325 | D:11     | Noticed a sixfirhy
  7339 | Orc:1    | Killed an orc high priest
  7402 | Orc:1    | Noticed a two-headed ogre
  7403 | Orc:1    | Noticed a two-headed ogre
  7403 | Orc:1    | Noticed Maut's ghost (journeyman MiBe)
  7404 | Orc:1    | Identified the +2 dire flail of the Sugar Beet {vorpal,
                  | Fragile rElec rN+ MR+ Dex+8}
  7404 | Orc:1    | Noticed a two-headed ogre
  7405 | Orc:1    | Found a transporter.
  7405 | Orc:1    | Noticed a two-headed ogre
  7406 | Orc:1    | Found a transporter.
  7439 | Orc:1    | Reached XP level 12. HP: 104/116 MP: 5/5
  7533 | Orc:2    | Entered Level 2 of the Orcish Mines
  7533 | Orc:2    | Found a gate leading to a gauntlet.
  7538 | Gauntlet | Entered a Gauntlet
  7538 | Gauntlet | Found a runed translucent door.
  7538 | Gauntlet | Found a transporter.
  7538 | Gauntlet | Found a runed translucent door.
  7538 | Gauntlet | Found a transporter.
  7538 | Gauntlet | Noticed a tengu warrior
  7556 | Gauntlet | Found a transporter.
  7560 | Gauntlet | Found a transporter.
  7564 | Gauntlet | Found a runed translucent door.
  7566 | Gauntlet | Found a runed translucent door.
  7568 | Gauntlet | Found a transporter.
  7572 | Gauntlet | Found a transporter.
  7581 | Gauntlet | Found a transporter.
  7593 | Gauntlet | Noticed a dire elephant
  7596 | Gauntlet | Found a transporter.
  7611 | Gauntlet | Found a transporter.
  7614 | Gauntlet | Found a transporter.
  7622 | Gauntlet | Found a transporter.
  7626 | Gauntlet | Found a transporter.
  7773 | Gauntlet | Got a pair of jewelled boots
  7791 | Gauntlet | Identified the +0 pair of boots "Cobb" {+Blink rN+} (You
                  | found it in a Gauntlet)
  7951 | Gauntlet | Noticed a minotaur
  7970 | Gauntlet | Killed a minotaur
  8000 | Orc:2    | Reached skill level 12 in Axes
  8040 | Orc:2    | Found a staircase to the Elven Halls.
  8499 | D:12     | Noticed Josephine
  8516 | D:12     | Killed Josephine
  8612 | D:12     | Noticed a two-headed ogre
  8621 | D:12     | Killed a two-headed ogre
  8635 | D:12     | Noticed Kirke
  8639 | D:12     | Reached ***** piety under Makhleb
  8682 | D:12     | Killed Kirke
  8878 | D:12     | Reached skill level 10 in Armour
  9285 | D:5      | Bought the +15 Maxwell's patent armour {-Cast -Tele rElec
                  | MR+ rCorr} for 1396 gold pieces
  9285 | D:5      | Found the +15 Maxwell's patent armour {-Cast -Tele rElec
                  | MR+ rCorr}
  9428 | Lair:1   | Entered Level 1 of the Lair of Beasts
  9660 | Lair:2   | Found a hole to the Spider Nest.
  9695 | Lair:2   | Reached skill level 13 in Axes
  9952 | Lair:2   | Noticed an eight-headed hydra
  9972 | Lair:2   | Killed a one-headed hydra
  9972 | Lair:2   | Reached skill level 10 in Shields
  9972 | Lair:2   | Reached XP level 13. HP: 110/127 MP: 2/2
 10200 | Lair:2   | Reached skill level 10 in Invocations
 10296 | Lair:2   | Identified a scroll of acquirement
 10297 | Lair:2   | Identified the ring "Pyahec" {rPois MR+} (You acquired it
                  | on level 2 of the Lair of Beasts)
 11491 | Lair:4   | Reached skill level 1 in Dodging
 11644 | Lair:4   | You fall into a shaft and drop 2 floors!
 11644 | Lair:6   | Entered Level 6 of the Lair of Beasts
 11826 | Lair:6   | Reached skill level 14 in Axes
 11846 | Lair:6   | Paralysed by a hornet for 2 turns
 11952 | Lair:6   | Gained mutation: You resist negative energy. (rN+) [Deep
                  | Dwarf growth]
 11952 | Lair:6   | Reached XP level 14. HP: 138/138 MP: 4/4
 11980 | Lair:6   | Identified the +0 buckler of Ifudiene {*Corrode rElec
                  | Slay+3} (You found it on level 6 of the Lair of Beasts)
 12252 | Lair:6   | Found a runed translucent door.
 13342 | Lair:5   | Noticed Rupert
 13360 | Lair:5   | Killed Rupert
 13436 | Lair:5   | Found a viscous altar of Jiyva.
 13436 | Lair:5   | Found a staircase to the Slime Pits.
 13530 | Lair:5   | You fall into a shaft and drop 1 floor!
 13709 | Spider:1 | Entered Level 1 of the Spider Nest
 13716 | Spider:1 | Noticed an entropy weaver
 13727 | Spider:1 | Killed an entropy weaver
 14000 | Spider:3 | Reached skill level 15 in Axes
 14025 | Spider:3 | Killed from afar by a jumping spider

Levels and vault maps discovered:
D:1:      lemuel_arrival_tunnels, layout_rooms
D:2:      layout_basic
D:3:      layout_loops_ring, first_ration, nicolae_underground_beach, uniq_ijyb
D:4:      layout_loops_ring, grunt_temple_overflow_order_and_chaos_1,
          grunt_temple_overflow_cloverleaf, minmay_temple_entry_proselytizer,
          goddamned_bats, uniq_crazy_yiuf_cottage
D:5:      layout_layer_cave, kennysheep_little_box, serial_shops, shop,
          kennysheep_generic_room_12
D:6:      layout_basic, old_standard_altar, serial_shops, shop,
          nicolae_dithmenos_shadow_blocks, uniq_duvessa
D:7:      layout_cave_pools, palyth_temple_overflow_mages, basic_altar
D:8:      layout_gridville, old_standard_altar, serial_shops,
          nicolae_shop_behind_doors, nicolae_shop_statue_plus, uniq_pikel
D:9:      layout_rooms, dancing_weapons_uskayaw, lair_entry_dummy
D:10:     layout_rooms, hangedman_pestilent_swarm, uniq_fannar
D:11:     layout_loops_ring, zombieorc2_lemuel, gammafunk_ghost_icy,
          hangedman_decor_peaks_small, hangedman_abyss_or_decor_passed,
          hangedman_feature_mirror, uniq_erica, uniq_snorg
D:12:     layout_loops_cross, uniq_kirke, uniq_josephine
Temple:   jpeg_temple_island
Lair:1:   layout_cave_pods, minivault_19
Lair:2:   beast_lair_carwin_large_2, layout_chaotic_city,
          nicolae_spider_entry_orb_guardian, cheibrodos_lair_reptile_den
Lair:3:   layout_cave_pods, grunt_megastairs_4, lemuel_fruit_fields,
          serial_bayou_shore_a
Lair:4:   layout_cave_pods, minmay_swamp_entry_worms, minmay_lair_oklob_chamber,
          serial_bayou_shore_b
Lair:5:   layout_concentric_octagons, slime_altar_1, grunt_megastairs_2,
          lemuel_fruit_fields, uniq_rupert
Lair:6:   wormcave, layout_regular_city, hangedman_lair_tendril_chambers
Spider:1: layout_chambers
Spider:2: gammafunk_the_bubble [the_bubble_gammafunk_grid]
Spider:3: layout_spider_delve, drop_trap, hangedman_stitches_earthworm,
          uniq_arachne
Orc:1:    layout_caves, gammafunk_ghost_smash
Orc:2:    kennysheep_orc_mage_school, layout_caves, gauntlet_entry_generic

Skill      XL: |  1  2  3  4  5  6  7  8  9 10 11 12 13 14 |
---------------+-------------------------------------------+-----
Fighting       | 3 4 5 6 7 9 10 11 12 13 | 13.0
Axes           | 3 4 5 6 7 9 10 11 13 14 15 | 15.0
Armour         | 4 5 6 7 8 9 10 11 | 11.5
Shields        | 4 5 6 7 9 10 11 | 11.4
Invocations    | 2 4 6 8 9 11 13 | 13.3
Dodging        | 2 4 |  4.9

Action                   |  1- 3 |  4- 6 |  7- 9 | 10-12 | 13-15 || total
-------------------------+-------+-------+-------+-------+-------++-------
Melee: War axe           |   126 |   173 |   204 |       |       ||   503
       Broad axe         |       |       |   224 |   857 |   674 ||  1755
       Scimitar          |       |       |       |    16 |    13 ||    29
Invok: Lesser Servant of |       |       |       |    12 |     4 ||    16
 Abil: Heal Wounds       |     2 |     6 |     8 |    49 |     8 ||    73
  Use: Scroll            |       |       |    17 |    10 |    12 ||    39
       Potion            |       |       |       |     1 |     1 ||     2
 Stab: Distracted        |       |       |       |     4 |     3 ||     7
  Eat: Chunk             |       |     3 |    13 |    16 |    11 ||    43
       Ration            |       |       |       |     6 |     1 ||     7
Armor: Scale mail        |    14 |       |       |       |       ||    14
       Chain mail        |    69 |   172 |   244 |   437 |       ||   922
       Plate armour      |       |       |       |   226 |   557 ||   783
Dodge: Dodged            |    48 |    53 |    93 |   344 |   437 ||   975
Block: Kite shield       |    67 |   160 |   242 |   605 |   550 ||  1624
       Rpst.: Scimitar   |       |       |       |     5 |       ||     5

Table legend:
 A = Non-vault XP
 B = Vault XP
 C = Vault XP percentage of total XP
 D = Non-vault monster count
 E = Vault monster count
 F = Vault count percentage of total count
                 A         B        C        D         E       F
            +---------+---------+-------+---------+---------+-------
      Total |   63190 |   39509 |  38.5 |     402 |     179 |  30.8
            +---------+---------+-------+---------+---------+-------
        D:1 |      14 |       0 |   0.0 |       9 |       0 |   0.0
        D:2 |      34 |       0 |   0.0 |       8 |       0 |   0.0
        D:3 |     218 |      36 |  14.2 |      28 |       1 |   3.4
        D:4 |     264 |     254 |  49.0 |       7 |      22 |  75.9
        D:5 |     300 |       0 |   0.0 |      19 |       0 |   0.0
        D:6 |     769 |     227 |  22.8 |      25 |       2 |   7.4
        D:7 |     977 |     125 |  11.3 |      17 |       3 |  15.0
        D:8 |     380 |     663 |  63.6 |      12 |       1 |   7.7
        D:9 |    1771 |       0 |   0.0 |      28 |       0 |   0.0
       D:10 |    2055 |    1514 |  42.4 |      28 |       5 |  15.2
       D:11 |    4635 |    5647 |  54.9 |      38 |      55 |  59.1
       D:12 |    3409 |    3390 |  49.9 |      16 |       8 |  33.3
     Lair:1 |     839 |       0 |   0.0 |       2 |       0 |   0.0
     Lair:2 |    2884 |    2464 |  46.1 |      10 |      13 |  56.5
     Lair:3 |    3092 |    3517 |  53.2 |       9 |       4 |  30.8
     Lair:4 |    7772 |       0 |   0.0 |      17 |       0 |   0.0
     Lair:5 |    5294 |    2918 |  35.5 |      29 |       1 |   3.3
     Lair:6 |    9876 |   16136 |  62.0 |      27 |      53 |  66.2
   Spider:1 |    4626 |       0 |   0.0 |      11 |       0 |   0.0
   Spider:2 |    4934 |       0 |   0.0 |      14 |       0 |   0.0
   Spider:3 |    4011 |       0 |   0.0 |      12 |       0 |   0.0
      Orc:1 |    2077 |       0 |   0.0 |      12 |       0 |   0.0
      Orc:2 |    2959 |    1335 |  31.1 |      24 |       8 |  25.0
   Gauntlet |       0 |    1283 | 100.0 |       0 |       3 | 100.0
            +---------+---------+-------+---------+---------+-------
